 Dungeon Crawl Stone Soup version 0.31-a0-1-g4198be8af4 (webtiles) character file.

Game seed: 9602118392487140982

214021 Lavandula the Reanimator (level 18, -1/132 HPs)
             Began as a Mummy Wanderer on Apr 30, 2023.
             Was a Believer of Yredelemnul.
             Slain by a broodmother (21 damage)
             ... on level 4 of the Spider Nest on May 2, 2023.
             The game lasted 02:57:41 (43091 turns).

Lavandula the Reanimator (Mummy Wanderer)          Turns: 43091, Time: 02:57:41

Health: -1/132     AC: 17    Str: 17    XL:     18   Next: 66%
Magic:  8/31       EV: 15    Int: 22    God:    Yredelemnul [**....]
Gold:   1312       SH:  0    Dex: 19    Spells: 5/35 levels left

rFire   + . .        J - +9 lajatang (protect)
rCold   + + .        (shield currently unavailable)
rNeg    + + +        C - +2 robe {Will+}
rPois   ∞            i - +1 hat "Lyinun" {Str+3 Int+4}
rElec   .            m - +1 cloak "Kediap" {Rampage +Blink Dex+3}
rCorr   .            R - +0 pair of gloves "Haxaug" {rF++ Will+ Int-3}
SInv    .            p - +2 pair of boots
Will    ++++.        z - amulet of regeneration
Stlth   ++++         Q - +4 ring of protection
HPRegen 1.22/turn    M - ring "Aroiletiex" {rC+ Int+5}
MPRegen 0.22/turn

%: rampage, faith
@: swift, quick
A: cold resistance 1, negative energy resistance 3, torment resistance 2, heat
vulnerability 1, in touch with death 2, no potions, faith
a: Renounce Religion, Evoke Blink, Recall Undead Harvest, Dark Bargain


You were on level 4 of the Spider Nest.
You worshipped Yredelemnul.
Yredelemnul was aware of your devotion.
You visited 7 branches of the dungeon, and saw 35 of its levels.
You also visited: Ossuary.

You collected 3025 gold pieces.
You spent 1713 gold pieces at shops.

Inventory:

Hand Weapons
 j - the +3 trident of the Imperium {protect, rPois}
   (You found it on level 2 of the Dungeon)

   rPois:     It protects you from poison.
 r - a +2 heavy scimitar
 t - a +2 dagger of venom
 J - a +9 lajatang of protection (weapon)
Missiles
 k - 30 poisoned darts
 w - 9 atropa-tipped darts
 y - 7 curare-tipped darts
 L - 4 javelins (quivered)
 U - 2 throwing nets
Armour
 b - a +0 buckler
 i - the +1 hat "Lyinun" (worn) {Str+3 Int+4}
   (You found it on level 1 of the Orcish Mines)

   Str:       It affects your strength (+3).
   Int:       It affects your intelligence (+4).
 m - the +1 cloak "Kediap" (worn) {Rampage +Blink Dex+3}
   (You found it on level 2 of the Swamp)

   Dex:       It affects your dexterity (+3).
   +Blink:    It lets you blink.
   Rampage:   It bestows one free step when moving towards enemies.
 p - a +2 pair of boots (worn)
 C - a +2 robe of willpower (worn)
 D - a +2 robe of fire resistance
 F - the +9 plate armour "Ronaph" {+Inv rPois rCorr Dex-5}
   (You found it on level 12 of the Dungeon)

   Dex:       It affects your dexterity (-5).
   rPois:     It protects you from poison.
   +Inv:      It lets you turn invisible.
   rCorr:     It protects you from acid and corrosion.
 H - a +2 scale mail of poison resistance
 R - the +0 pair of gloves "Haxaug" (worn) {rF++ Will+ Int-3}
   (You bought it in a shop on level 2 of the Elven Halls)

   Int:       It affects your intelligence (-3).
   rF:        It greatly protects you from fire.
   Will:      It increases your willpower.
 S - a scarf of shadows
Jewellery
 d - an amulet of guardian spirit
 u - a ring of willpower
 z - an amulet of regeneration (around neck)
 M - the ring "Aroiletiex" (right hand) {rC+ Int+5}
   (You found it on level 2 of the Lair of Beasts)

   [ring of protection from cold]

   Int:       It affects your intelligence (+5).
   rC:        It protects you from cold.
 N - a ring of fire
 Q - a +4 ring of protection (left hand)
 V - a ring of resist corrosion
 X - an amulet of magic regeneration
Wands
 a - a wand of flame (59)
 e - a wand of polymorph (17)
 l - a wand of mindburst (9)
 o - a wand of roots (1)
 E - a wand of charming (1)
Scrolls
 c - 2 scrolls of blinking
 f - 7 scrolls of immolation
 g - 2 scrolls of teleportation
 h - 9 scrolls of vulnerability
 n - a scroll of magic mapping
 q - 2 scrolls of brand weapon
 s - 2 scrolls of fog
 v - 2 scrolls of enchant armour
 x - 2 scrolls of amnesia
 A - 4 scrolls of silence
 B - a scroll of torment
 G - a scroll of summoning
 K - a scroll of fear
 P - 13 scrolls of identify
 T - a scroll of enchant weapon
Miscellaneous
 I - a phantom mirror (inert)
 O - a box of beasts
 W - a condenser vane


   Skills:
 - Level 9.0 Fighting
 - Level 9.0 Short Blades
 - Level 5.2(5.7) Polearms
 - Level 3.7(5.0) Staves
 - Level 9.2 Armour
 - Level 4.8 Dodging
 - Level 9.0 Stealth
 - Level 7.1 Shields
 - Level 9.0 Spellcasting
 - Level 9.3 Conjurations
 - Level 7.4 Summonings
 + Level 10.1 Necromancy
 - Level 8.4 Transmutations
 - Level 5.6 Air Magic
 - Level 5.0 Poison Magic
 - Level 9.0 Invocations
 - Level 9.0 Evocations


You had 5 spell levels left.
You knew the following spells:

 Your Spells              Type           Power      Damage    Failure   Level
b - Irradiate             Conj/Tmut      24%        3d19      4%          5
c - Summon Lightning Spi  Summ/Air       38%        N/A       4%          4
d - Airstrike             Air            17%        2d(3-19)  7%          4
e - Mephitic Cloud        Conj/Pois/Air  39%        N/A       1%          3
f - Haunt                 Necr/Summ      41%        N/A       83%         7
g - Olgreb's Toxic Radia  Pois           31%        N/A       9%          4
h - Swiftness             Air            34%        N/A       1%          3

Your spell library contained the following spells:

 Spells                   Type           Power      Damage    Failure   Level
 Foxfire                  Conj/Fire      100%       2x1d9     1%          1
 Magic Dart               Conj           100%       1d8       1%          1
 Shock                    Conj/Air       100%       1d9       1%          1
 Call Imp                 Summ           84%        N/A       1%          2
 Cigotuvi's Dreadful Rot  Necr/Pois/Air  100%       N/A       1%          2
 Searing Ray              Conj           100%       2d8       1%          2
 Static Discharge         Conj/Air       84%        2-6/arc   1%          2
 Call Canine Familiar     Summ           42%        N/A       1%          3
 Dispel Undead            Necr           89%        3d28      1%          4
 Dazzling Flash           Conj/Hex       60%        N/A       3%          3
 Hailstorm                Conj/Ice       30%        3d8       3%          3
 Freeze                   Ice            36%        1d5       7%          1
 Sandblast                Erth           18%        2d7       7%          1
 Anguish                  Hex/Necr       32%        N/A       9%          4
 Blink                    Tloc           18%        N/A       10%         2
 Lesser Beckoning         Tloc           18%        N/A       10%         2
 Scorch                   Fire           18%        2d6       10%         2
 Flame Wave               Conj/Fire      30%        2d9       10%         4
 Fulminant Prism          Conj/Hex       15%        3d10      10%         4
 Iskenderun's Mystic Bla  Conj/Tloc      30%        2d8       10%         4
 Sticky Flame             Conj/Fire      30%        2d5       10%         4
 Gell's Gravitas          Tloc           9%         N/A       21%         3
 Inner Flame              Hex/Fire       9%         N/A       21%         3
 Portal Projectile        Hex/Tloc       18%        N/A       21%         3
 Teleport Other           Tloc           9%         N/A       21%         3
 Volatile Blastmotes      Fire/Tloc      18%        2d11      21%         3
 Borgnjor's Vile Clutch   Necr/Erth      32%        N/A       24%         5
 Fireball                 Conj/Fire      15%        3d8       26%         5
 Yara's Violent Unravell  Hex/Tmut       14%        3d7       32%         5
 Summon Forest            Summ/Tloc      13%        N/A       38%         5
 Cause Fear               Hex            4%         N/A       54%         4
 Leda's Liquefaction      Hex/Erth       4%         N/A       54%         4
 Manifold Assault         Tloc           9%         N/A       54%         4
 Lee's Rapid Deconstruct  Erth           4%         3d5*      88%         5
 Eringya's Noxious Bog    Tmut/Pois      19%        N/A       54%         6
 Starburst                Conj/Fire      15%        6d6       83%         6
 Spellforged Servitor     Conj/Summ      23%        N/A       88%         7
 Summon Hydra             Summ           21%        N/A       95%         7
 Plasma Beam              Fire/Air       11%        2x1d24    97%         6
 Dispersal                Tloc           4%         N/A       100%        6
 Enfeeble                 Hex            4%         N/A       100%        7
 Disjunction              Tloc           4%         N/A       100%        8
 Infestation              Necr           44%        N/A       100%        8
 Dragon's Call            Summ           21%        N/A       100%        9
 Sublimation of Blood     Necr           Unusable   N/A       N/A         2
 Spider Form              Tmut/Pois      Unusable   N/A       N/A         3
 Animate Dead             Necr           Unusable   N/A       N/A         4
 Ice Form                 Ice/Tmut       Unusable   N/A       N/A         4
 Death Channel            Necr           Unusable   N/A       N/A         6
 Dragon Form              Tmut           Unusable   N/A       N/A         7
 Statue Form              Tmut/Erth      Unusable   N/A       N/A         6
 Storm Form               Tmut/Air       Unusable   N/A       N/A         7

Dungeon Overview and Level Annotations

Branches:
Dungeon (15/15)            Temple (0/1) D:5            Lair (5/5) D:8
  Swamp (4/4) Lair:3       Spider (4/4) Lair:3        Slime (0/5) Lair:5
    Orc (2/2) D:10            Elf (3/3) Orc:2        Depths (2/4) D:15
Ossuary (visited)
 Vaults: D:13-14

Altars:
Ashenzari
Cheibriados
Dithmenos
Gozag
Kikubaaqudgha
Nemelex Xobeh
Okawaru
Qazlal
Ru
Sif Muna
Trog
Vehumet
Wu Jian
Xom
Yredelemnul
Jiyva

Shops:
Orc:1 ?   Orc:2 !!*:   Elf:1 =::   Elf:2 [   Elf:3 :

Portals:
Hell: Depths:1

Annotations:
D:5 3 runed translucent doors, Morbidden's ghost, amateur FoHu
Swamp:1 2 runed translucent doors, Morbidden's ghost, adept DECj
Swamp:3 1 exclusion
Swamp:4 1 exclusion
Elf:2 3 runed translucent doors


Innate Abilities, Weirdness & Mutations

You are immune to poison.
Your flesh is cold resistant. (rC+)
You are immune to negative energy. (rN+++)
You are immune to unholy pain and torment.
You are vulnerable to heat. (rF-)
You are strongly in touch with the powers of death.
You do not drink.
You have a special connection with the divine. (Faith)


Message History

The broodmother simulacrum vaporises!
Your broodmother zombie bites the broodmother!!
You hear a faint skittering sound.
Unknown command.
Your wolf spider zombie hits the steelbarb worm!
Your wolf spider zombie bites the steelbarb worm.
Unknown command.
Unknown command.
Your broodmother zombie is no longer moving slowly.
Unknown command.
Unknown command.
Your wolf spider zombie is no longer moving slowly.
The broodmother's soul is no longer bound.
The spark wasp stings your broodmother zombie!!
The spark wasp shocks your broodmother zombie!
Your broodmother zombie bites the spark wasp!!
The spark wasp dies!
A freezing mist starts to gather...
Your condenser vane has recharged.
A spark wasp simulacrum comes into view.
Being near the torpor snail leaves you feeling lethargic.
Your broodmother zombie bites the steelbarb worm.
Unknown command.
The broodmother attacks as you move away!
The broodmother bites you!!
* * * LOW HITPOINT WARNING * * *
You enter the shallow water.
Moving in this stuff is going to be slow.
You feel yourself speed up.
Being near the torpor snail leaves you feeling lethargic.
The broodmother attacks as you move away!
The broodmother completely misses you.
You feel yourself speed up.
Something hits your broodmother zombie!!
Something bites your broodmother zombie.
Something hits your broodmother zombie!
Something bites your broodmother zombie!
The broodmother completely misses you. The broodmother bites you!!
You die...
Yredelemnul claims you as an undead slave.

#......w.....~.#
##...s....^..###.
#~....Z......##..
#...Z...^...##...
##..Z.#^#^^.......
#...###.###..##...
##w.#.....#..^#..^
#s~##.....##..###.
#@^#.......Z...~#.
##.##.....##......
#^.#.....#.......
##^###.###^......
##.^#.#^........
#.............~#
##...........###
#...^.......##.
##^...!....##..


You could see a broodmother (ally target), a steelbarb worm (soul bound), a
tarantella (summoned), a friendly wolf spider zombie (slow) and a friendly
broodmother zombie (slow).

Vanquished Creatures
  Jorgrun (Elf:1)
  2 deep elf blademasters (Elf:3)
  Asterion (Elf:1)
  Roxanne (D:14)
  A fire giant (Depths:1)
  2 emperor scorpions
  A deep elf sorcerer (Elf:3)
  A ghost moth (Spider:3)
  A deep elf elementalist (Elf:1)
  3 broodmothers
  2 eleionomae (Swamp:2)
  2 spark wasps (Spider:4)
  2 bunyips
  2 ettins (Depths:1)
  A deep elf death mage (Elf:1)
  2 jiangshi (Depths:1)
  An entropy weaver (Spider:3)
  A ghost crab (Swamp:3)
  A radroach (Spider:3)
  A spriggan air mage (Swamp:1)
  5 hydras
  3 centaur warriors
  2 jorogumos
  13 dancing weapons
  3 two-headed ogres
  3 alligators
  A tengu warrior (D:15)
  12 death yaks
  2 deep troll earth magi
  A vampire mage (Depths:1)
  10 deep elf knights
  Urug (Lair:2)
  Nergalle (Lair:2)
  Sonja (Lair:1)
  4 pharaoh ants
  An iron troll (D:15)
  A skyshark (Lair:5)
  A spriggan druid (Swamp:2)
  A swamp dragon (Swamp:4)
  4 deep trolls
  4 bog bodies
  2 orb spiders (Spider:4)
  A wizard (D:15)
  3 deep elf archers
  4 large abominations (Elf:1)
  A spectral hydra (Swamp:4)
  A necromancer (D:15)
  Pikel (D:5)
  5 orc sorcerers
  A lindwurm (Lair:5)
  6 ugly things
  9 deep elf pyromancers
  15 deep elf zephyrmancers
  11 wolf spiders
  A will-o-the-wisp (Swamp:1)
  3 cyclopes
  5 elephants
  2 moths of wrath
  2 black mambas
  3 cane toads
  3 torpor snails
  3 demonic crawlers
  2 gargoyles
  A rime drake (Lair:5)
  A swamp worm zombie (Swamp:4)
  A tengu conjurer (Depths:1)
  A nameless horror (Swamp:4)
  A hydra zombie (Swamp:4)
  A meliai (D:12)
  A polar bear (Lair:1)
  A wind drake (shapeshifter) (Depths:1)
  3 hornets
  2 tyrant leeches (Swamp:4)
  8 tarantellas
  An alligator zombie (Swamp:4)
  3 blink frogs (Lair:2)
  2 dream sheep (Lair:5)
  7 culicivoras
  9 jumping spiders
  3 shadows
  3 air elementals
  3 wraiths
  41 yaks
  A fire bat (Orc:1)
  2 spriggans (Swamp:2)
  A vampire (D:11)
  4 hogs (Lair:5)
  3 basilisks
  A fire elemental (Elf:1)
  4 wyverns
  3 water elementals
  14 redbacks
  A steam dragon (D:10)
  4 wargs
  4 vampire mosquitoes
  A two-headed ogre zombie (D:10)
  Edmund (D:6)
  4 swamp worms
  10 water moccasins
  8 orc warriors
  An ice beast (D:6)
  2 sky beasts (D:7)
  A swamp drake (Orc:1)
  2 black bears
  A wolf (Lair:5)
  3 boggarts (D:15)
  4 ogres
  3 centaurs
  A centaur (shapeshifter) (D:11)
  2 phantoms
  A lemure (D:4)
  3 kobold brigands
  2 gnoll sergeants
  4 elf zombies
  9 bullfrogs
  An earth elemental (Elf:1)
  3 scorpions
  2 troll zombies (D:10)
  8 killer bees
  2 electric eels
  6 howler monkeys
  A crimson imp (Orc:1)
  4 centaur zombies (Ossuary)
  6 hounds
  An iron imp (Orc:1)
  2 jellies (Lair:5)
  A gnoll bouda (D:5)
  3 human zombies (Ossuary)
  8 orc priests
  2 sleepcaps
  4 iguanas
  31 orc wizards
  2 hell rats (D:8)
  5 ogre zombies (D:10)
  2 mummies (Ossuary)
  Robin (D:2)
  10 gnolls
  7 adders
  A river rat (D:8)
  A shadow imp (Orc:1)
  A white imp (Orc:1)
  4 worms
  5 dart slugs
  77 orcs
  6 endoplasms
  4 giant cockroaches
  16 goblins
  12 hobgoblins
  5 jackals
  2 quokkas
  9 ball pythons
  17 bats
  2 frilled lizards (D:2)
  3 goblin zombies
  A hobgoblin skeleton (D:10)
  8 hobgoblin zombies
  7 kobolds
  9 kobold zombies (Ossuary)
  5 orc skeletons (D:10)
  25 orc zombies
  3 rats
  A rat zombie (Ossuary)
721 creatures vanquished.

Vanquished Creatures (collateral kills)
  A tentacled monstrosity (Swamp:3)
  Mlioglotl (Swamp:2)
  A thorn hunter (Swamp:4)
  A frost giant (Depths:1)
  2 emperor scorpions
  A ghost moth (Spider:1)
  Aizul (Swamp:2)
  An orc warlord (Orc:2)
  2 broodmothers
  2 very ugly things (Depths:1)
  5 eleionomae
  2 dire elephants (Spider:1)
  2 bunyips
  4 spark wasps
  An ettin (Depths:1)
  A deep elf death mage (Elf:1)
  3 entropy weavers
  3 hydras
  2 centaur warriors
  A catoblepas (Lair:5)
  4 radroaches
  A dancing weapon (Elf:1)
  4 death yaks (Lair:5)
  4 boulder beetles
  4 alligators
  A tengu warrior (Depths:1)
  2 spriggan berserkers
  2 deep elf knights
  A death drake (Swamp:4)
  4 pharaoh ants
  A sun moth (Spider:4)
  2 goliath frogs (Swamp:1)
  7 orb spiders
  A spriggan rider (Swamp:1)
  2 spriggan druids (Swamp:2)
  2 deep elf archers
  4 swamp dragons
  6 bog bodies
  A spectral hydra (Swamp:4)
  3 lindwurms
  10 steelbarb worms
  2 deep elf pyromancers
  3 phantasmal warriors (Swamp:4)
  A necromancer (Elf:1)
  A deep elf zephyrmancer (Elf:2)
  7 wolf spiders
  7 orc sorcerers
  An ugly thing (Swamp:4)
  2 elephants
  A manticore (D:14)
  6 will-o-the-wisps
  A cyclops (D:12)
  A black mamba (Lair:4)
  3 moths of wrath
  Joseph (D:9)
  8 demonic crawlers
  4 torpor snails
  7 rime drakes
  8 cane toads
  4 komodo dragons
  An unseen horror (D:12)
  2 swamp worm zombies (Swamp:4)
  A tengu conjurer (D:12)
  2 freezing wraiths (Swamp:4)
  A meliai (Spider:4)
  A bloated husk (Swamp:3)
  A polar bear (Lair:5)
  2 hydra zombies
  16 tarantellas
  5 tyrant leeches
  7 hornets
  An alligator zombie (Swamp:4)
  7 blink frogs (Lair:2)
  3 spectral swamp dragons (Swamp:4)
  4 dream sheep (Lair:5)
  22 jumping spiders
  An air elemental (Elf:2)
  A shadow (D:11)
  A water elemental (Elf:1)
  10 spriggans
  16 culicivoras
  A fire elemental (Spider:2)
  A wyvern (Lair:4)
  3 wraiths
  A basilisk (Lair:5)
  28 yaks
  6 hogs
  32 redbacks
  3 vampire mosquitoes
  Menkaure (D:5)
  9 swamp worms
  3 wargs (Orc:2)
  2 acid dragons
  4 water moccasins
  A floating eye (shapeshifter) (D:15)
  7 hell hounds
  6 orc warriors
  3 swamp dragon zombies (Swamp:4)
  A black bear (Lair:1)
  2 wolves (Lair:5)
  2 ogres
  A centaur (D:6)
  4 phantoms (Swamp:4)
  2 nameless horrors
  2 elf zombies (Elf:1)
  Blork the orc (D:4)
  2 bullfrogs
  2 scorpions (Lair:3)
  2 killer bees
  2 howler monkeys
  A hound (D:6)
  4 orc priests
  A jelly (Lair:5)
  An iguana (D:6)
  16 orc wizards
  A spectral swamp drake (Swamp:4)
  4 gnolls
  A swamp drake zombie (Swamp:4)
  3 white imps
  29 orcs
  3 endoplasms (Lair:5)
  A giant cockroach (Lair:3)
  A hobgoblin (D:4)
  A hobgoblin skeleton (D:10)
  A kobold (D:9)
  An orc zombie (D:10)
  A bush (Lair:4)
480 creatures vanquished.

Vanquished Creatures (others)
  A broodmother (Spider:4)
  A spectral human (Elf:3)
  A bunyip (Swamp:4)
  A very ugly thing zombie (Depths:1)
  A vault guard (D:14)
  A spectral efreet (Spider:3)
  An emperor scorpion zombie (Spider:3)
  2 spark wasp zombies (Spider:4)
  2 bunyip zombies (Swamp:4)
  2 jorogumo zombies
  A spectral steelbarb worm (Spider:4)
  A spectral alligator (Swamp:4)
  6 wolf spider zombies
  An ugly thing (Depths:1)
  An eleionoma zombie (Swamp:4)
  2 swamp worm zombies
  4 death yak zombies (Lair:5)
  4 steelbarb worm zombies
  20 redback zombies
  2 orb spider zombies
  6 bloated husks
  A death drake zombie (Swamp:4)
  5 demonic crawler zombies
  3 hydra zombies
  A spectral tarantella (Spider:4)
  A tarantella (Spider:4)
  A tyrant leech (Swamp:1)
  A moth of wrath zombie (Spider:4)
  15 jumping spider zombies
  9 tarantella zombies
  15 culicivora zombies
  2 meliai zombies
  2 ettin zombies (Depths:1)
  3 spriggan zombies
  An alligator zombie (Swamp:1)
  A boulder beetle zombie (Spider:3)
  A black mamba zombie (Lair:5)
  A wind drake zombie (Depths:1)
  8 elf zombies
  A tyrant leech zombie (Swamp:3)
  A deep troll zombie (Depths:1)
  2 swamp worms
  A fire bat zombie (Orc:1)
  3 cane toad zombies
  2 entropy weaver zombies (Spider:2)
  2 swamp dragon zombies (Swamp:4)
  A dream sheep zombie (Lair:5)
  A ghost crab zombie (Swamp:3)
  A hornet zombie (Swamp:3)
  5 blink frog zombies (Lair:2)
  4 hog zombies
  3 vampire mosquito zombies
  A torpor snail zombie (Spider:1)
  A wyvern zombie (D:11)
  A bullfrog (Lair:2)
  3 hell hound zombies
  3 water moccasin zombies
  3 warg zombies (Orc:2)
  2 tengu zombies
  10 yak zombies
  2 wolf zombies (Lair:5)
  4 bullfrog zombies
  2 centaur zombies
  A kobold zombie (D:5)
  A black bear zombie (D:7)
  3 orc wizards (Orc:2)
  2 boggart zombies (D:15)
  4 killer bee zombies (D:9)
  An acid dragon zombie (D:14)
  3 hound zombies
  2 howler monkey zombies
  2 human zombies
  2 worm zombies
  2 iguana zombies (D:6)
  A spectral shadow imp (Orc:1)
  2 spectral white imps
  2 orcs
  7 bat zombies
  A river rat zombie (D:8)
  A ball python zombie (D:4)
  3 endoplasm zombies (Lair:5)
  A giant cockroach zombie (Lair:3)
  11 gnoll zombies
  A hobgoblin zombie (D:5)
  3 jackal zombies (D:5)
  63 orc zombies
  2 briar patches (Swamp:4)
  A bush (Lair:5)
  16 foxfires
  50 fungi
  65 plants
444 creatures vanquished.

Grand Total: 1645 creatures vanquished

Notes
Turn   | Place    | Note
-------+----------+-------------------------------------------
     0 | D:1      | Lavandula the Mummy Wanderer began the quest for the Orb.
     0 | D:1      | Lavandula set off with the following items: a +2 short
                  | sword, a +0 buckler, a scroll of blinking, a +0 leather
                  | armour; and the following spell memorised: Magic Dart; and
                  | the following spells available to memorise: Hailstorm.
     0 | D:1      | Reached XP level 1. HP: 13/13 MP: 2/2
   116 | D:1      | Reached XP level 2. HP: 17/19 MP: 4/4
   453 | D:1      | Gained mutation: You are in touch with the powers of death.
                  | [Mummy growth]
   453 | D:1      | Reached XP level 3. HP: 24/24 MP: 5/5
   958 | D:2      | Noticed Robin
  1577 | D:2      | Killed Robin
  1578 | D:2      | Reached XP level 4. HP: 28/30 MP: 6/6
  1682 | D:2      | Identified the +3 trident of the Imperium {protect, rPois}
  2017 | D:3      | Found a broken altar of Ashenzari.
  2097 | D:3      | Reached skill level 1 in Polearms
  2198 | D:3      | Found a faded altar of an unknown god.
  2338 | D:3      | Found a basalt altar of Yredelemnul.
  2398 | D:3      | Became a worshipper of Yredelemnul the Dark
  2560 | D:3      | Found a sparkling altar of Nemelex Xobeh.
  2568 | D:3      | Reached XP level 5. HP: 21/35 MP: 7/7
  2863 | D:4      | Reached * piety under Yredelemnul
  2992 | D:4      | Reached ** piety under Yredelemnul
  3098 | D:4      | Noticed Blork the orc
  3108 | D:4      | Killed Blork the orc
  3109 | D:4      | Reached XP level 6. HP: 35/41 MP: 1/8
  3846 | D:4      | Found a broken altar of Ashenzari.
  3846 | D:4      | Found a sacrificial altar of Ru.
  3848 | D:4      | Found a shimmering blue altar of Sif Muna.
  3848 | D:4      | Found a shimmering altar of Xom.
  3848 | D:4      | Found a sacrificial altar of Ru.
  3998 | D:4      | You fall into a shaft and drop 1 floor!
  3998 | D:5      | Entered Level 5 of the Dungeon
  4000 | D:5      | Found a staircase to the Ecumenical Temple.
  4118 | D:6      | Noticed Edmund
  4126 | D:5      | Reached skill level 1 in Armour
  4441 | D:5      | Noticed Pikel
  4497 | D:5      | HP: 1/41 [orc priest/divine providence (15)]
  4813 | D:5      | Found an iron altar of Okawaru.
  4873 | D:5      | Found a runed translucent gate.
  4873 | D:5      | Found a runed translucent gate.
  4873 | D:5      | Found a runed translucent gate.
  4874 | D:5      | Noticed Morbidden's ghost (amateur FoHu)
  4928 | D:5      | Killed Pikel
  4929 | D:5      | Reached skill level 5 in Armour
  4929 | D:5      | Reached XP level 7. HP: 37/46 MP: 9/9
  4989 | D:5      | Noticed Menkaure
  4999 | D:5      | Killed Menkaure
  5000 | D:5      | Reached XP level 8. HP: 46/52 MP: 10/10
  5122 | D:5      | Found a radiant altar of Vehumet.
  5185 | D:5      | Your ally Pikel died
  5714 | D:6      | Killed Edmund
  5908 | D:6      | Found a snail-covered altar of Cheibriados.
  6005 | D:6      | Your ally Edmund died
  6148 | D:6      | Reached XP level 9. HP: 47/57 MP: 11/11
  6221 | D:6      | Found a bloodstained altar of Trog.
  6221 | D:6      | Found a shadowy altar of Dithmenos.
  6337 | D:6      | Identified the +2 quarterstaff of Law {pain, SInv}
  6387 | D:6      | Found a shimmering blue altar of Sif Muna.
  6414 | D:6      | Found an ornate altar of the Wu Jian Council.
  6774 | D:7      | Found a stormy altar of Qazlal.
  7010 | D:7      | Reached skill level 1 in Fighting
  7266 | D:7      | Found an opulent altar of Gozag.
  7303 | D:7      | Reached skill level 5 in Fighting
  7564 | D:8      | Noticed a death yak
  7564 | D:8      | Noticed a death yak
  7569 | D:8      | Noticed a death yak
  7840 | D:8      | Found an ancient bone altar of Kikubaaqudgha.
  7848 | D:8      | Found a sand-covered staircase.
  7853 | Ossuary  | Entered an ossuary
  8001 | Ossuary  | Reached skill level 5 in Short Blades
  8187 | D:8      | Found a staircase to the Lair.
  8384 | D:9      | Reached XP level 10. HP: 62/75 MP: 12/12
  8910 | D:9      | Reached skill level 1 in Invocations
  8927 | D:9      | Reached *** piety under Yredelemnul
  8932 | D:9      | Reached **** piety under Yredelemnul
  9154 | D:9      | Reached ***** piety under Yredelemnul
  9414 | D:9      | Noticed Joseph
  9435 | D:9      | Killed Joseph
  9436 | D:9      | Reached skill level 5 in Invocations
  9519 | D:10     | Entered Level 10 of the Dungeon
 10029 | D:10     | Reached XP level 11. HP: 63/80 MP: 15/15
 10155 | D:10     | Found a staircase to the Orcish Mines.
 11255 | D:11     | Noticed a white ugly thing
 11270 | D:11     | Killed a white ugly thing
 11805 | D:12     | Noticed a white ugly thing
 11806 | D:12     | Identified the +9 plate armour "Ronaph" {+Inv rPois rCorr
                  | Dex-5}
 11807 | D:12     | Noticed a centaur warrior
 11846 | D:12     | Killed a white ugly thing
 11939 | D:12     | Killed a centaur warrior
 12190 | D:12     | Noticed a purple ugly thing
 12208 | D:12     | Killed a purple ugly thing
 12579 | D:12     | Noticed a wolf spider
 12591 | D:12     | Killed a wolf spider
 12592 | D:12     | Reached skill level 5 in Evocations
 12875 | Lair:1   | Entered Level 1 of the Lair of Beasts
 12947 | Lair:1   | Reached XP level 12. HP: 88/88 MP: 18/18
 13511 | Lair:1   | Noticed Sonja
 13539 | Lair:1   | Killed Sonja
 13863 | Lair:2   | Noticed Urug
 13900 | Lair:2   | Killed Urug
 14061 | Lair:2   | Identified the ring "Aroiletiex" {rC+ Int+5}
 14662 | Lair:2   | Noticed Nergalle
 14687 | Lair:2   | Killed Nergalle
 14689 | Lair:2   | Gained mutation: You are strongly in touch with the powers
                  | of death. [Mummy growth]
 14689 | Lair:2   | Reached XP level 13. HP: 58/94 MP: 12/19
 15295 | Lair:3   | Found a hole to the Spider Nest.
 15316 | Lair:3   | Reached ****** piety under Yredelemnul
 15779 | Lair:3   | Found a staircase to the Swamp.
 16864 | Lair:5   | Entered Level 5 of the Lair of Beasts
 16987 | Lair:5   | Reached skill level 1 in Stealth
 17349 | Lair:5   | Reached skill level 5 in Stealth
 18618 | Orc:1    | Entered Level 1 of the Orcish Mines
 18786 | Orc:1    | Found Yguski's Magic Scroll Emporium.
 18810 | Orc:1    | Reached XP level 14. HP: 107/108 MP: 20/20
 18813 | Orc:1    | Bought a scroll of enchant weapon for 120 gold pieces
 18813 | Orc:1    | Bought a scroll of blinking for 120 gold pieces
 18813 | Orc:1    | Bought a scroll of immolation for 64 gold pieces
 18867 | Orc:1    | You fall into a shaft and drop 1 floor!
 18867 | Orc:2    | Entered Level 2 of the Orcish Mines
 19192 | Orc:2    | Found Nereamam's Distillery.
 19192 | Orc:2    | Found Pieri's Distillery.
 19371 | Orc:2    | Paralysed by an orc sorcerer for 4 turns
 19482 | Orc:2    | Noticed an orc warlord
 19492 | Orc:2    | Killed an orc warlord
 19549 | Orc:2    | Found a staircase to the Elven Halls.
 19752 | Orc:2    | Found Fary's Book Boutique.
 19766 | Orc:2    | Found Kyikeah's Assorted Antiques.
 19788 | Orc:2    | Bought a scroll of teleportation for 102 gold pieces
 19788 | Orc:2    | Bought a scroll of magic mapping for 255 gold pieces
 19788 | Orc:2    | Bought a glowing scimitar for 238 gold pieces
 20362 | Orc:1    | Identified the +1 hat "Lyinun" {Str+3 Int+4}
 21286 | D:14     | Identified Roxanne's Compendium of Shapes
 21286 | D:14     | Noticed Roxanne
 22163 | D:14     | Killed Roxanne
 22197 | D:15     | Entered Level 15 of the Dungeon
 22547 | D:15     | Reached skill level 5 in Shields
 22957 | D:15     | Found a staircase to the Depths.
 23642 | Depths:1 | Entered Level 1 of the Depths
 23980 | Swamp:1  | Entered Level 1 of the Swamp
 24168 | Swamp:1  | Found a large runed translucent door.
 24168 | Swamp:1  | Found a large runed translucent door.
 24170 | Swamp:1  | Noticed Morbidden's ghost (adept DECj)
 24392 | Swamp:1  | Got Sif Muna's Tractate on the Bloody Tropics
 24452 | Swamp:1  | Reached XP level 15. HP: 73/113 MP: 21/21
 24470 | Swamp:1  | Reached skill level 5 in Polearms
 25262 | Swamp:1  | Learned a level 5 spell: Irradiate
 25267 | Swamp:1  | Learned a level 4 spell: Summon Lightning Spire
 25272 | Swamp:1  | Learned a level 4 spell: Airstrike
 25326 | Swamp:2  | Reached skill level 1 in Air Magic
 25432 | Swamp:2  | Noticed Mlioglotl
 25444 | Swamp:2  | Killed Mlioglotl
 25792 | Swamp:2  | Identified the +1 cloak "Kediap" {Rampage +Blink Dex+3}
 26106 | Swamp:2  | Noticed Aizul
 26219 | Swamp:2  | Killed Aizul
 26220 | Swamp:2  | Reached skill level 5 in Air Magic
 26778 | Swamp:3  | Reached skill level 1 in Transmutations
 27111 | Swamp:3  | Noticed a tentacled monstrosity
 27123 | Swamp:3  | Killed a tentacled monstrosity
 27405 | Swamp:4  | Entered Level 4 of the Swamp
 27467 | Swamp:4  | Noticed a thorn hunter
 27490 | Swamp:3  | Reached skill level 1 in Summonings
 27912 | Swamp:4  | Killed a thorn hunter
 28475 | Swamp:4  | Reached skill level 5 in Summonings
 28704 | Swamp:4  | Upgraded the game from 0.30-a0-1176-gcdfb0321a8 to
                  | 0.31-a0-1-g4198be8af4
 28729 | Swamp:4  | Reached XP level 16. HP: 99/120 MP: 11/22
 28751 | Swamp:4  | Noticed a bone dragon
 29058 | Swamp:4  | Learned a level 3 spell: Mephitic Cloud
 29177 | Spider:1 | Entered Level 1 of the Spider Nest
 29242 | Spider:1 | Reached skill level 5 in Transmutations
 29389 | Spider:1 | Reached skill level 5 in Conjurations
 30876 | Spider:2 | Noticed Azrael
 30889 | Spider:2 | Killed Azrael
 30889 | Spider:2 | Enslaved Azrael
 32063 | Spider:3 | Reached XP level 17. HP: 93/125 MP: 23/23
 32082 | Spider:3 | Your ally Azrael died
 32106 | Spider:2 | HP: 1/125 [demonic crawler (6)]
 32119 | Spider:2 | HP: 5/125 [demonic crawler (12)]
 33689 | Elf:1    | Entered Level 1 of the Elven Halls
 33719 | Elf:1    | Reached skill level 1 in Staves
 34624 | Elf:1    | Got Kikubaaqudgha's Secrets of Blasphemous Words
 34692 | Elf:1    | Paralysed by an air elemental for 1 turns
 34697 | Elf:1    | Paralysed by an air elemental for 1 turns
 34701 | Elf:1    | Paralysed by an air elemental for 1 turns
 34705 | Elf:1    | Paralysed by an air elemental for 1 turns
 34818 | Elf:1    | Found Xiregid's Book Emporium.
 34820 | Elf:1    | Found Pieduc's Jewellery Shop.
 34821 | Elf:1    | Found Cetiozer's Book Emporium.
 34834 | Elf:1    | Learned a level 6 spell: Eringya's Noxious Bog
 34843 | Elf:1    | Learned a level 7 spell: Haunt
 34932 | Elf:1    | Reached skill level 5 in Spellcasting
 35178 | Elf:1    | Noticed Jorgrun
 35195 | Elf:1    | Noticed Asterion
 35765 | Elf:1    | Bought the Parchment of the Coward and Creation for 390
                  | gold pieces
 35770 | Elf:1    | Learned a level 4 spell: Olgreb's Toxic Radiance
 35907 | Elf:1    | Killed Jorgrun
 35908 | Elf:1    | Reached skill level 1 in Poison Magic
 36095 | Elf:1    | Paralysed by an air elemental for 1 turns
 36122 | Elf:1    | Got Sif Muna's Lessons on the Ground
 36129 | Elf:1    | Got the Anthology of Snow
 36140 | Elf:1    | Got the Precepts of Flame
 36147 | Elf:1    | Got the Handbook of Gases
 36227 | Elf:1    | Killed Asterion
 36580 | Elf:2    | Learned a level 3 spell: Swiftness
 36685 | Elf:2    | Found Fycer's Armour Shoppe.
 36803 | Elf:2    | Bought the +0 pair of gloves "Haxaug" {rF++ Will+ Int-3}
                  | for 424 gold pieces
 36856 | Elf:2    | Paralysed by an air elemental for 1 turns
 36860 | Elf:2    | Paralysed by an air elemental for 1 turns
 37509 | Depths:1 | Reached skill level 5 in Poison Magic
 37516 | Depths:1 | Reached skill level 1 in Necromancy
 37694 | Depths:1 | Reached skill level 2 in Necromancy
 38234 | Depths:1 | Reached skill level 3 in Necromancy
 38722 | Depths:1 | Reached skill level 4 in Necromancy
 38822 | Depths:1 | You fall into a shaft and drop 1 floor!
 38860 | Depths:1 | Noticed a lich
 38864 | Depths:1 | Found a gateway to Hell.
 39296 | Lair:5   | Reached skill level 5 in Necromancy
 39421 | Lair:5   | Reached XP level 18. HP: 119/132 MP: 21/30
 39459 | Lair:5   | Found a viscous altar of Jiyva.
 39459 | Lair:5   | Found a staircase to the Slime Pits.
 39575 | Lair:5   | Noticed Kirke
 39583 | Lair:5   | Killed Kirke
 39583 | Lair:5   | Enslaved Kirke
 39763 | Lair:5   | Reached skill level 6 in Necromancy
 39946 | Lair:5   | Reached skill level 7 in Necromancy
 41037 | Elf:2    | Paralysed by an air elemental for 1 turns
 41041 | Elf:2    | Paralysed by an air elemental for 1 turns
 41055 | Elf:2    | Found a runed translucent gate.
 41055 | Elf:2    | Found a runed translucent gate.
 41055 | Elf:2    | Found a runed translucent gate.
 41119 | Elf:2    | Reached skill level 8 in Necromancy
 41256 | Elf:3    | Entered Level 3 of the Elven Halls
 41481 | Elf:3    | Found Zalus's Book Boutique.
 41586 | Elf:3    | Identified the +6 short sword "Kearixirph" {antimagic, Fly
                  | rN+}
 41590 | Elf:3    | Your ally Kirke died
 41935 | Spider:4 | Entered Level 4 of the Spider Nest
 41944 | Spider:4 | Reached skill level 9 in Necromancy
 42150 | Spider:4 | HP: 6/132 [jumping spider (3)]
 42858 | Spider:4 | Reached skill level 10 in Necromancy
 43091 | Spider:4 | Slain by a broodmother

Illustrated notes

Levels and vault maps discovered:
D:1:      lightli_arrival_lavapool, layout_basic
D:2:      layout_basic, nicolae_elevator_lobby_asterisk, uniq_robin
D:3:      layout_basic, mainiacjoe_overflow_small_starburst,
          mainiacjoe_overflow_alcove_2, evilmike_ruin_ashenzari,
          hellmonk_ecumenical_altar_blasted
D:4:      layout_layer_cave, zin_statuary, doesnt_xom_only_xom,
          uniq_blork_the_orc
D:5:      layout_basic, vehumet_altar_wand_db, mainiacjoe_overflow_alcove_1,
          temple_pool_b, gammafunk_ghost_split, uniq_pikel, uniq_menkaure
D:6:      layout_loops_ring, amcnicky_altar_gilded,
          nicolae_overflow_hidden_temple, general_overflow_altar,
          kennysheep_slug_shrine, gammafunk_temple_overflow_wave, uniq_edmund
D:7:      layout_rooms, mainiacjoe_overflow_six_doors_small,
          grunt_qazlal_clouds, minmay_bent
D:8:      layout_gridville, nicolae_kikubaaqudgha_miasma_corner,
          dpeg_lair_monsters, special_room [special_room_orc], enter_ossuary_2
D:9:      layout_rooms, uniq_joseph
D:10:     layout_basic, zombieorc2_lemuel, serial_bayou_ford_a
D:11:     layout_roguey
D:12:     layout_cave_pods, minmay_diamond_spiral
D:13:     layout_loops_ring, ximxim_vaults_locker_room, kennysheep_another_room,
          uniq_josephine
D:14:     layout_loops_corners, minmay_misc_feat_rows, uniq_roxanne
D:15:     hangedman_depths_entry_civil_slaughter, layout_basic, serial_rivers,
          chequers_serial_rivers_micro_b, chequers_serial_rivers_small_b,
          chequers_serial_rivers_micro_a, chequers_serial_rivers_micro_a,
          chequers_serial_rivers_small_3, chequers_serial_rivers_large_b
Lair:1:   layout_gridlike, st_stairs_13, serial_bayou_shore_b, uniq_sonja
Lair:2:   layout_cave_pods, uniq_urug, uniq_nergalle
Lair:3:   layout_regular_city, nicolae_swamp_entry_splash_gauntlet,
          nicolae_spider_entry_non_spiders, minmay_hedge_maze,
          grunt_megastairs_3
Lair:4:   layout_roguey, infiniplex_staircase_pool_2
Lair:5:   hangedman_lair_in_review, layout_regular_city,
          nicolae_slime_entry_slimehenge, infiniplex_staircase_pool, uniq_kirke
Swamp:1:  layout_basic_swamp, ebering_ghost_disaster_area,
          evilmike_swamp_ruin_house_5
Swamp:2:  layout_basic_swamp, evilmike_swamp_ruin_house_2, uniq_aizul,
          uniq_mlioglotl
Swamp:3:  layout_basic_swamp, evilmike_swamp_ruin_wall, swamp_pool2,
          nicolae_swamp_necromancy_gone_wrong
Swamp:4:  swamp_pestilence, layout_basic_swamp,
          portal_ice_cave_entry_horrid_things
Spider:1: nicolae_spider_hilbert_zone_3 [nicolae_spider_hilbert_4_sides_2_open,
          nicolae_spider_hilbert_3_sides_1_open,
          nicolae_spider_hilbert_3_sides_1_open,
          nicolae_spider_hilbert_3_sides_1_open,
          nicolae_spider_hilbert_3_sides_1_open,
          nicolae_spider_hilbert_4_sides_1_open,
          nicolae_spider_hilbert_4_sides_1_open,
          nicolae_spider_hilbert_4_sides_1_open,
          nicolae_spider_hilbert_4_sides_1_open,
          nicolae_spider_hilbert_4_sides_1_open,
          nicolae_spider_hilbert_4_sides_1_open,
          nicolae_spider_hilbert_4_sides_1_open,
          nicolae_spider_hilbert_4_sides_1_open,
          nicolae_spider_hilbert_3_sides_1_open,
          nicolae_spider_hilbert_3_sides_1_open,
          nicolae_spider_hilbert_3_sides_1_open,
          nicolae_spider_hilbert_3_sides_1_open], beargit_elvish_explorers
Spider:2: layout_spider_delve, hellmonk_test_site, uniq_azrael
Spider:3: layout_spider_delve
Spider:4: hellmonk_spider_rune_endless_swarm
Orc:1:    layout_caves, serial_shops, nicolae_shop_back_alley_shop,
          roderic_batcave, hangedman_minor_magic
Orc:2:    st_orc_town, layout_diamond_mine
Elf:1:    layout_loops_corners, minmay_elf_necromancy,
          nicolae_elf_elemental_lessons, minmay_shop_grove, uniq_jorgrun,
          uniq_asterion
Elf:2:    elven_hall_of_blades_hangedman_original [nicolae_blade_bullseye],
          layout_gridlike, serial_shops, nicolae_shop_scrapyard, st_stairs_13
Elf:3:    minmay_elf_hall, layout_geoelf_grid, serial_shops,
          nicolae_shop_tiny_statue_garden
Depths:1: layout_small_grid, fountainhead, hellmouth_3, serial_co_window_serial,
          co_window_cross_1, co_window_paths_b, co_window_paths_a,
          co_window_paths_a, co_window_paths_b, co_window_unsneaky_path_d,
          co_window_corner_b, co_window_of_opportunity_b, co_window_2corner,
          co_window_corner_b, co_window_unsneaky_path_e, co_window_paths_d,
          glass_columns_a, glass_columns_c, glass_columns_b, glass_columns_a,
          glass_columns_c
Depths:2: minmay_the_grid_four_pointed_star_mashed
          [minmay_the_grid_triangle_9x9_empty,
          minmay_the_grid_triangle_9x9_checkered,
          minmay_the_grid_triangle_9x9_empty,
          minmay_the_grid_triangle_9x9_corrupted_corridor,
          minmay_the_grid_prize_diamond_cup], layout_cave_shapes,
          rand_demon_pan_entry_1, grunt_hell_entry_dis_old, evilmike_butchery

Skill      XL: |  1  2  3  4  5  6  7  8  9 10 11 12 13 14 15 16 17 18 |
---------------+-------------------------------------------------------+-----
Short Blades   | 4 5 7 9 |  9.0
Polearms       | 2 3 4 5 |  5.2
Armour         | 5 8 9 |  9.2
Fighting       | 5 6 9 |  9.0
Invocations    | 6 9 |  9.0
Dodging        | 3 4 |  4.8
Evocations     | 5 9 |  9.0
Spellcasting   | 2 3 8 9 |  9.0
Stealth        | 7 9 |  9.0
Conjurations   | 3 4 8 9 |  9.3
Shields        | 7 |  7.1
Air Magic      | 5 |  5.6
Transmutations | 4 8 |  8.4
Summonings     | 5 6 7 |  7.4
Staves         | 3 |  3.7
Poison Magic   | 5 |  5.0
Necromancy     | 5 10 | 10.1

Action                     |  1- 3 |  4- 6 |  7- 9 | 10-12 | 13-15 | 16-18 || total
---------------------------+-------+-------+-------+-------+-------+-------++-------
  Melee: Short sword       |   158 |    21 |       |       |       |       ||   179
         Trident           |       |   206 |   361 |   340 |   543 |   505 ||  1955
         Dagger            |       |     8 |   167 |   903 |  1396 |       ||  2474
         Scimitar          |       |       |       |       |     7 |       ||     7
         Lajatang          |       |       |       |       |       |   452 ||   452
  Throw: Dart              |       |       |       |     3 |     4 |       ||     7
         Throwing net      |       |       |       |     1 |     1 |       ||     2
         Javelin           |       |       |       |       |     3 |     3 ||     6
   Cast: Magic Dart        |     5 |       |       |       |       |       ||     5
         Airstrike         |       |       |       |       |    39 |    67 ||   106
         Summon Lightning  |       |       |       |       |    22 |    43 ||    65
         Mephitic Cloud    |       |       |       |       |       |     8 ||     8
         Irradiate         |       |       |       |       |       |    56 ||    56
         Olgreb's Toxic Ra |       |       |       |       |       |    39 ||    39
         Swiftness         |       |       |       |       |       |     1 ||     1
 Invoke: Recall Undead Har |       |     3 |     1 |     2 |     6 |     8 ||    20
         Dark Bargain      |       |     1 |       |    13 |    27 |    20 ||    61
         Drain Life        |       |       |       |       |     2 |     2 ||     4
         Bind Soul         |       |       |       |       |       |     4 ||     4
Ability: Evoke Invisibilit |       |       |       |     2 |    14 |       ||    16
         Evoke Blink       |       |       |       |       |     1 |     3 ||     4
  Evoke: Wand              |       |       |     3 |     2 |    28 |     7 ||    40
         Phantom mirror    |       |       |       |     1 |     5 |     4 ||    10
         Box of beasts     |       |       |       |       |     6 |     4 ||    10
         Condenser vane    |       |       |       |       |     6 |     4 ||    10
    Use: Scroll            |       |     2 |    10 |     5 |    19 |    35 ||    71
   Stab: Sleeping          |     1 |     1 |       |       |     4 |    22 ||    28
         Distracted        |       |     2 |     2 |     6 |    20 |    24 ||    54
         Invisible         |       |       |       |     8 |    31 |       ||    39
         Confused          |       |       |       |       |       |     1 ||     1
 Armour: Leather armour    |    24 |    19 |       |       |       |       ||    43
         Plate armour      |       |    99 |   487 |   899 |  1070 |       ||  2555
         Robe              |       |       |       |       |   135 |   608 ||   743
  Dodge: Dodged            |    75 |    49 |   103 |   224 |   482 |   802 ||  1735
  Block: Buckler           |    28 |    33 |   110 |   160 |   288 |   166 ||   785

Table legend: (Time is in decaauts)
 A = Elapsed time spent in this place.
 B = Non-inter-level travel time spent in this place.
 C = Inter-level travel time spent in this place.
 D = Time resting spent in this place.
 E = Time spent auto-exploring this place.
 F = Levels seen in this place.
 G = Mean time per level.
                   A        B        C        D        E       F      G
               +--------+--------+--------+--------+--------+-----+--------+
         Total |  42914 |  38716 |   4198 |   6981 |  20855 |  36 | 1192.1 |
       Dungeon |  17541 |  15653 |   1888 |   1478 |  10198 |  15 | 1169.4 |
          Lair |   6351 |   5310 |   1041 |    225 |   3765 |   5 | 1270.2 |
         Swamp |   5106 |   4681 |    425 |   1666 |   1511 |   4 | 1276.5 |
   Spider Nest |   5642 |   5420 |    222 |   1443 |   2495 |   4 | 1410.5 |
  Orcish Mines |   2259 |   1991 |    268 |    322 |    978 |   2 | 1129.5 |
   Elven Halls |   4037 |   3694 |    343 |    968 |   1625 |   3 | 1345.7 |
        Depths |   1622 |   1613 |      9 |    873 |    214 |   2 |  811.0 |
       Ossuary |    352 |    352 |      0 |      6 |     68 |   1 |  352.0 |
               +--------+--------+--------+--------+--------+-----+--------+

Top non-repeatable levels by time:
   Elf:1: 2922 daAuts
Spider:1: 1860 daAuts
Spider:3: 1763 daAuts
 Swamp:4: 1717 daAuts
    D:15: 1624 daAuts
  Lair:3: 1593 daAuts
Depths:1: 1593 daAuts
  Lair:5: 1580 daAuts
 Swamp:2: 1580 daAuts
    D:10: 1571 daAuts
     D:5: 1511 daAuts
     D:4: 1478 daAuts
    D:12: 1438 daAuts
   Orc:2: 1432 daAuts
     D:9: 1316 daAuts
